 Dungeon Crawl Stone Soup version 0.30-a0-672-gc3a7216ad8 (webtiles) character file.

Game seed: 4533529350278527068

83 Leeroy the Slasher (level 4, -1/26 HPs)
             Began as a Tengu Warper on Jan 18, 2023.
             Killed from afar by Sigmund (15 damage)
             ... with a puff of flame
             ... on level 2 of the Dungeon.
             The game lasted 00:01:57 (1467 turns).

Leeroy the Slasher (Tengu Warper)                   Turns: 1467, Time: 00:01:58

Health: -1/26      AC:  3    Str: 11    XL:     4   Next: 44%
Magic:  8/8        EV: 17    Int: 14    God:
Gold:   143        SH:  0    Dex: 15    Spells: 7/7 levels left

rFire   x . .      SeeInvis .    q - +0 short sword (venom)
rCold   + . .      Faith    .    (no shield)
rNeg    . . .      Spirit   .    b - +0 leather armour
rPois   .          Reflect  .    (helmet restricted)
rElec   .          Harm     .    (no cloak)
rCorr   .          Rampage  .    (no gloves)
Will    .....                    (boots unavailable)
Stlth   +                        (no amulet)
HPRegen 0.24/turn                n - ring of ice
MPRegen 0.11/turn                v - +5 ring of evasion

@: no status effects
A: beak, talons 3
a: no special abilities


You were on level 2 of the Dungeon.
You visited 1 branch of the dungeon, and saw 4 of its levels.

You collected 143 gold pieces.

Inventory:

Hand Weapons
 a - a +0 falchion
 q - a +0 short sword of venom (weapon)
Missiles
 d - 7 boomerangs of dispersal (quivered)
Armour
 b - a +0 leather armour (worn)
Magical Staves
 e - a staff of earth
Jewellery
 n - a ring of ice (left hand)
 p - a +6 ring of dexterity
 v - a +5 ring of evasion (right hand)
Scrolls
 c - a scroll of blinking
 f - a scroll of brand weapon {unknown}
 g - 2 scrolls of teleportation {unknown}
 i - a scroll of enchant armour {unknown}
 r - a scroll of fear {unknown}
 s - a scroll of amnesia {unknown}
 t - 3 scrolls of identify {unknown}
Potions
 h - a potion of lignification {unknown}
 j - a potion of cancellation {unknown}
 k - a potion of curing {unknown}
 l - a potion of haste {unknown}
 m - a potion of mutation {unknown}
 o - a potion of attraction {unknown}
 u - a potion of flight {unknown}


   Skills:
 - Level 2.0 Fighting
 + Level 5.0 Long Blades
 - Level 1.0 Throwing
 - Level 1.1 Armour
 - Level 2.1 Dodging
 - Level 2.0 Spellcasting
 - Level 2.4 Translocations


You had 7 spell levels left.
You didn't know any spells.
Your spell library contained the following spells:

 Spells                   Type           Power      Damage    Failure   Level
 Blink                    Tloc           16%        N/A       19%         2
 Lesser Beckoning         Tloc           16%        N/A       19%         2
 Teleport Other           Tloc           8%         N/A       34%         3
 Sublimation of Blood     Necr           1%         N/A       43%         2
 Vhi's Electric Charge    Tloc/Air       8%         N/A       50%         3
 Manifold Assault         Tloc           8%         N/A       75%         4
 Petrify                  Tmut/Erth      1%         N/A       97%         4
 Irradiate                Conj/Tmut      0%         3d11      100%        5


Dungeon Overview and Level Annotations

Branches:
Dungeon (4/15)
 Temple: D:4-7

Altars:

Annotations:
D:2 Sigmund


Innate Abilities, Weirdness & Mutations

You have a beak for a mouth.
You have claws for feet.


Message History

You feel clumsy.
v - a +5 ring of evasion (right hand) HP restored.
Found a helmet.
You now have 143 gold pieces (gained 10).
You see here a +0 helmet.
Found a robe.
You open the door.
An endoplasm comes into view.
The endoplasm quivers.
There is an open door here.
You hit the endoplasm.
The endoplasm is poisoned.
The endoplasm is almost dead.
The endoplasm hits you but does no damage.
You hit the endoplasm but do no damage. Your kick misses the endoplasm.
The endoplasm is almost dead.
The endoplasm closely misses you.
You hit the endoplasm.
You kill the endoplasm!
No target in view!
No target in view!
Sigmund the Dreaded comes into view.
He is wielding a +0 scythe and carrying a wand of flame (18).
Sigmund is nearby!
The helpless Sigmund fails to defend himself.
You hit Sigmund. You claw Sigmund.
Sigmund is moderately wounded.
Sigmund hits you with a +0 scythe.
You completely miss Sigmund.
Sigmund is moderately wounded.
You hit Sigmund.
Sigmund is poisoned.
Sigmund is heavily wounded.
Sigmund casts a spell at you. The magic dart hits you!
You are too injured to fight recklessly!
You are too injured to fight recklessly!
You closely miss Sigmund.
Sigmund is heavily wounded.
Sigmund zaps a wand.
The puff of flame hits you! The fire burns you terribly!
Ouch! That really hurt!
You die...

##...†..##....##.#.# #...
##.......##.[#.##.#.# #...
#............#.##.#.# #...
#..##....###.#.##.#.# ####
#....#.......#.##.#.#
#..##.#...##.#....#.######
#. ..#.#..#######.........
...##.#.#.#.....'.........
. #.#.#)#@#####......... #
#.#.#@# #......... #.#.#.#
#......... #...#
#......[.. ### #.........
##########


You could see Sigmund (very poisoned).

Vanquished Creatures
  3 adders (D:2)
  2 worms (D:2)
  A dart slug (D:2)
  3 ball pythons
  3 endoplasms
  2 giant cockroaches
  3 goblins
  5 hobgoblins
  3 jackals (D:1)
  4 quokkas
  7 bats
  3 frilled lizards
  6 kobolds
  A rat (D:2)
46 creatures vanquished.

Vanquished Creatures (others)
  3 fungi (D:2)
  3 plants (D:2)
6 creatures vanquished.

Grand Total: 52 creatures vanquished

Notes
Turn   | Place    | Note
-------+----------+-------------------------------------------
     0 | D:1      | Leeroy the Tengu Warper began the quest for the Orb.
     0 | D:1      | Reached XP level 1. HP: 12/12 MP: 4/4
    72 | D:1      | Reached skill level 3 in Long Blades
    72 | D:1      | Reached XP level 2. HP: 13/17 MP: 6/6
   460 | D:1      | Reached XP level 3. HP: 19/21 MP: 7/7
   680 | D:2      | Reached skill level 4 in Long Blades
   739 | D:2      | You fall into a shaft and drop 2 floors!
  1028 | D:3      | Reached XP level 4. HP: 26/26 MP: 8/8
  1402 | D:2      | Reached skill level 5 in Long Blades
  1462 | D:2      | Noticed Sigmund
  1467 | D:2      | Killed from afar by Sigmund

Illustrated notes

Levels and vault maps discovered:
D:1:      scummos_arrival_forest, layout_rooms
D:2:      layout_basic, shapermc_ecumenical_altar_rom_forum, minmay_bisected,
          uniq_sigmund
D:3:      cheibrodos_old_hovel, layout_loops_cross,
          nicolae_qazlal_style_of_elements
D:4:      layout_basic

Skill      XL: |  1  2  3  4 |
---------------+-------------+-----
Long Blades    | 3 4 5 |  5.0
Fighting       | |  2.0
Throwing       | |  1.0
Armour         | |  1.1
Dodging        | |  2.1
Spellcasting   | |  2.0
Translocations | |  2.4

Action                   |  1- 3 |  4- 6 || total
-------------------------+-------+-------++-------
Melee: Falchion          |    75 |     2 ||    77
       Kick              |    17 |     9 ||    26
       Peck              |    12 |     2 ||    14
       Punch             |     1 |       ||     1
       Short sword       |       |    41 ||    41
  Use: Potion            |     1 |       ||     1
 Stab: Sleeping          |     1 |     1 ||     2
Armor: Leather armour    |    37 |     8 ||    45
Dodge: Dodged            |    61 |    25 ||    86

Table legend: (Time is in decaauts)
 A = Elapsed time spent in this place.
 B = Non-inter-level travel time spent in this place.
 C = Inter-level travel time spent in this place.
 D = Time resting spent in this place.
 E = Time spent auto-exploring this place.
 F = Levels seen in this place.
 G = Mean time per level.
                   A        B        C        D        E       F      G
               +--------+--------+--------+--------+--------+-----+--------+
         Total |   1468 |   1411 |     57 |      0 |   1122 |   4 |  367.0 |
       Dungeon |   1468 |   1411 |     57 |      0 |   1122 |   4 |  367.0 |
               +--------+--------+--------+--------+--------+-----+--------+

Top non-repeatable levels by time:
     D:2: 598 daAuts
     D:1: 570 daAuts
     D:4: 286 daAuts
     D:3: 12 daAuts
